 Dungeon Crawl Stone Soup version 0.17-a0-870-gcb215c1 (console) character file.

970 sose the Changer (level 8, 0/48 HPs)
             Began as an Octopode Transmuter on Apr 29, 2015.
             Was an Initiate of Cheibriados.
             Hit by a stone thrown by a gnoll (5 damage)
             ... on level 5 of the Dungeon.
             The game lasted 00:12:48 (5095 turns).

sose the Changer (Octopode Transmuter)              Turns: 5095, Time: 00:12:49

Health: 0/48       AC:  1    Str: 10    XL:     8   Next: 16%
Magic:  4/11       EV: 12    Int: 18    God:    Cheibriados [......]
Gold:   183        SH:  0    Dex: 14    Spells: 4 memorised, 1 level left

rFire  . . .     SeeInvis .     a - 23 arrows
rCold  . . .     Clarity  .     (no shield)
rNeg   . . .     SustAb   .     (helmet restricted)
rPois  .         Gourm    .     (no amulet)
rElec  .         Spirit   .     (no ring)
rCorr  .         Warding  .     (no ring)
rMut   .         Stasis   .     (no ring)
MR     .....                    (no ring)
Stlth  ++........               (no ring)
                                (no ring)
                                (no ring)
                                (no ring)

@: slow, not resistant to hostile enchantments, unstealthy
A: almost no armour, amphibious, 8 rings, constrict 8, camouflage 1, gelatinous
body 1
a: Bend Time, Renounce Religion


You were on level 5 of the Dungeon.
You worshipped Cheibriados.
Cheibriados was noncommittal.
You were not hungry.

You visited 2 branches of the dungeon, and saw 6 of its levels.

You collected 183 gold pieces.

Inventory:

Missiles
 a - 23 arrows (in tentacle)
 l - 36 poisoned needles
Magical staves
 s - an uncursed staff of summoning {unknown}
Scrolls
 e - 4 scrolls of identify {unknown}
 f - a scroll of amnesia {unknown}
 k - 2 scrolls of teleportation {unknown}
 m - a scroll of recharging {unknown}
 n - 2 scrolls of fog {unknown}
 o - a scroll of blinking {unknown}
 q - 2 scrolls of remove curse {unknown}
 t - a scroll of enchant armour {unknown}
Potions
 d - a potion of beneficial mutation {unknown}
 g - a potion of lignification {unknown}
 h - 2 potions of might {unknown}
 i - 2 potions of ambrosia {unknown}
 j - 3 potions of curing
 p - a potion of heal wounds {unknown}
 r - 3 potions of brilliance {unknown}
 u - a potion of haste {unknown}
 v - a potion of berserk rage {unknown}
 w - a potion of agility {unknown}
Books
 b - a book of Changes

   Spells                             Type                      Level
   a - Beastly Appendage              Transmutation                1
   b - Sticks to Snakes               Transmutation                2
   c - Spider Form                    Transmutation/Poison         3
   d - Ice Form                       Ice/Transmutation            4
   e - Blade Hands                    Transmutation                5
 x - a Grand Grimoire {highlevel, unknown}

   This book is beyond your current level of understanding.

   Spells                             Type                      Level
   a - Aura of Abjuration             Summoning                    6
   b - Summon Greater Demon           Summoning                    7
   c - Malign Gateway                 Summoning/Translocation      7
   d - Summon Horrible Things         Summoning                    8
Comestibles
 c - a bread ration


   Skills:
 + Level 1.1 Fighting
 - Level 2.0 Dodging
 + Level 6.2 Unarmed Combat
 - Level 2.0 Spellcasting
 + Level 7.0 Transmutations
 - Level 2.3 Ice Magic


You had one spell level left.
You knew the following spells:

 Your Spells              Type           Power        Failure   Level  Hunger
a - Beastly Appendage     Trmt           ####..       1%          1    #......
b - Sticks to Snakes      Trmt           ####......   1%          2    ###....
c - Spider Form           Trmt/Pois      ##........   14%         3    ###....
d - Ice Form              Ice/Trmt       ###.....     28%         4    #####..


Dungeon Overview and Level Annotations

Branches:
Dungeon (5/15)             Temple (1/1) D:5

Altars:
Ashenzari
Cheibriados
Dithmenos
Elyvilon
Gozag
Kikubaaqudgha
Nemelex Xobeh
Okawaru
Qazlal
Vehumet
Xom
The Shining One


Innate Abilities, Weirdness & Mutations

You cannot wear most types of armour.
You are amphibious.
You can wear up to eight rings at the same time.
You can use your tentacles to constrict eight enemies at once.
Your skin changes colour to match your surroundings (Stealth).
Your rubbery body absorbs attacks (AC +1).


Message History

The gnoll closely misses your ball python.
Your ball python bites the gnoll.
Your ball python constricts the gnoll.
The crimson imp picks up a beetle and eats it.
The crimson imp blinks!
The gnoll hits your ball python with a spear.
Your ball python dies!
Your adder bites the gnoll.
The gnoll barely misses your adder. The crimson imp hits you.
* * * LOW HITPOINT WARNING * * *
The crimson imp hits you.
* * * LOW HITPOINT WARNING * * *
The crimson imp hits you.
* * * LOW HITPOINT WARNING * * *
The crimson imp hits you but does no damage.
A gnoll comes into view. It is wielding a spear.
The crimson imp blinks!
The gnoll throws a stone.
The stone hits you.
* * * LOW HITPOINT WARNING * * *
You see here a stone.
The gnoll throws a stone.
The stone hits you.
You die...

.. #.# . #.#####.# ..
####.......# .#
#....⌠.....# .#
#...[).....# .#
#..g.>.⌠...# .#
..##..........###.#
........⌠(..5.g...#
########...@####.##.##
....# #.<.## #.##.# (...
#..## #.##.# #..##..#
#.##S#
#..##..######.##g#####
#...........#.##...S.# .
#...#..####.#.##.###.#
#(
###...#..####.#.##.###.#
#.
#.....#........%....gS.#


You could see 2 gnolls and a crimson imp.

Vanquished Creatures
  The ghost of hyperkellhus the Stinger, an experienced OpWn of Kikubaaqudgha (D:5)
  Edmund (D:5)
  2 phantoms (D:4)
  2 scorpions (D:4)
  Terence (D:3)
  4 worker ants
  A hound zombie (D:5)
  9 adders
  A shadow imp (D:5)
  An ooze (D:1)
  2 worms
  2 giant geckos
  6 orcs
  2 ball pythons (D:2)
  3 giant cockroaches
  12 goblins
  9 hobgoblins
  3 jackals (D:1)
  17 bats
  A giant gecko skeleton (D:4)
  5 giant newts
  11 kobolds
  4 quokkas
  11 rats
111 creatures vanquished.

Vanquished Creatures (collateral kills)
  An adder (D:2)
  A giant gecko (D:1)
2 creatures vanquished.

Grand Total: 113 creatures vanquished

Notes
Turn   | Place    | Note
--------------------------------------------------------------
     0 | D:1      | sose, the Octopode Transmuter, began the quest for the Orb.
     0 | D:1      | Reached XP level 1. HP: 13/13 MP: 3/3
   146 | D:1      | Reached XP level 2. HP: 15/18 MP: 5/5
   436 | D:1      | Learned a level 2 spell: Sticks to Snakes
   710 | D:1      | Reached XP level 3. HP: 19/23 MP: 6/6
  1403 | D:2      | Reached skill level 4 in Transmutations
  1678 | D:2      | Reached XP level 4. HP: 21/28 MP: 1/7
  2089 | D:2      | Found a stormy altar of Qazlal.
  2090 | D:2      | Noticed a fire elemental
  2093 | D:2      | Noticed an earth elemental
  2096 | D:2      | Noticed an air elemental
  2096 | D:2      | Noticed a water elemental
  2445 | D:2      | Reached skill level 5 in Transmutations
  2445 | D:2      | Reached XP level 5. HP: 14/33 MP: 6/8
  2468 | D:2      | Learned a level 3 spell: Spider Form
  2953 | D:3      | Found an opulent altar of Gozag.
  2991 | D:3      | Noticed Terence
  3005 | D:3      | Killed Terence
  3093 | D:3      | Found an ancient bone altar of Kikubaaqudgha.
  3152 | D:3      | Found a glowing golden altar of the Shining One.
  3483 | D:4      | Reached XP level 6. HP: 38/38 MP: 2/9
  3595 | D:4      | Noticed a phantom
  3610 | D:4      | Reached skill level 5 in Unarmed Combat
  3647 | D:4      | Killed a phantom
  3831 | D:4      | Reached skill level 6 in Unarmed Combat
  3831 | D:4      | Reached XP level 7. HP: 41/43 MP: 0/10
  4217 | D:4      | Noticed a phantom
  4259 | D:4      | Killed a phantom
  4531 | D:5      | Entered Level 5 of the Dungeon
  4533 | D:5      | Noticed hyperkellhus's ghost (experienced OpWn)
  4550 | D:5      | Killed hyperkellhus's ghost
  4567 | D:5      | Reached skill level 7 in Transmutations
  4589 | D:5      | Learned a level 4 spell: Ice Form
  4639 | D:5      | Noticed Edmund
  4676 | D:5      | Killed Edmund
  4676 | D:5      | Reached XP level 8. HP: 18/48 MP: 8/11
  4746 | D:5      | Found a staircase to the Ecumenical Temple.
  4756 | Temple   | Entered the Ecumenical Temple
  4993 | Temple   | Became a worshipper of Cheibriados the Contemplative
  5095 | D:5      | Hit by a stone thrown by a gnoll

Action                   |  1- 3 |  4- 6 |  7- 9 || total
-------------------------+-------+-------+-------++-------
Melee: Unarmed           |    93 |   178 |    67 ||   338
 Cast: Beastly Appendage |     8 |     6 |       ||    14
       Sticks to Snakes  |     4 |       |     6 ||    10
       Spider Form       |       |    13 |     6 ||    19
  Use: Potion            |       |       |     1 ||     1
 Stab: Sleeping          |       |     3 |       ||     3
  Eat: Meat ration       |     1 |       |       ||     1
       Pizza             |     1 |       |       ||     1
       Chunk             |       |     4 |       ||     4
       Beef jerky        |       |     1 |       ||     1
       Royal jelly       |       |       |     1 ||     1
       Bread ration      |       |       |     1 ||     1
